 Dungeon Crawl Stone Soup version 0.31-a0-240-gb923e448b6 (webtiles) character file.

Game seed: 9995472963235924510

98 qw the Shooter (level 4, 0/27 HPs)
             Began as a Gargoyle Hexslinger on July 11, 2023.
             Slain by a phantom (5 damage)
             ... while paralysed by Grinder
             ... on level 4 of the Dungeon.
             The game lasted 00:00:44 (2212 turns).

qw the Shooter (Gargoyle Hexslinger)                Turns: 2212, Time: 00:00:45

Health: 0/27       AC: 11    Str: 11      XL:     4   Next: 71%
Magic:  5/5        EV:  2    Int: 12 (14) God:
Gold:   145        SH:  0    Dex: 13 (14) Spells: 4/5 levels left

rFire   . . .        Y - +2 sling
rCold   . . .        (no shield)
rNeg    + . .        j - +0 ring mail
rPois   inf          k - +0 helmet
rElec   +            (no cloak)
rCorr   .            f - +0 pair of gloves
SInv    .            (no boots)
Will    .....        (no amulet)
Stlth   +            (no ring)
HPRegen 0.24/turn    (no ring)
MPRegen 0.09/turn

%: no passive effects
@: paralysed
A: sickness immunity, AC +3, negative energy resistance 1, electricity
resistance, torment resistance 1, petrification resistance
a: no special abilities


You were on level 4 of the Dungeon.
You visited 1 branch of the dungeon, and saw 4 of its levels.

You collected 202 gold pieces.
You spent 57 gold pieces at shops.


Innate Abilities, Weirdness & Mutations

You are immune to sickness and miasma.
Your stone body is resilient. (AC +3)
You are immune to poison.
You resist negative energy. (rN+)
You are resistant to electric shocks. (rElec)
You are resistant to unholy torment.
You are immune to petrification.


   Skills:
 - Level 2.3 Fighting
 + Level 4.0 Ranged Weapons
 - Level 1.3 Armour
 - Level 1.5 Dodging
 - Level 1.0 Spellcasting
 - Level 2.6 Hexes


You had 4 spell levels left.
You knew the following spells:

 Your Spells              Type           Power      Damage    Failure   Level
a - Slow                  Hex            28%        N/A       24%         1

Your spell library contained the following spells:

 Spells                   Type           Power      Damage    Failure   Level
 Inner Flame              Hex/Fire       3%         N/A       77%         3
 Portal Projectile        Hex/Tloc       6%         N/A       77%         3
 Cause Fear               Hex            3%         N/A       93%         4

Inventory:

Hand Weapons
 Y - a +2 sling (weapon)
Armour
 f - a +0 pair of gloves (worn)
 j - a +0 ring mail (worn)
 k - a +0 helmet (worn)
Jewellery
 g - a ring of ice
Scrolls
 d - a scroll of teleportation
Potions
 a - a potion of magic {unknown}
 b - a potion of brilliance {unknown}
 c - a potion of berserk rage {unknown}
 e - a potion of curing {unknown}
 h - 2 potions of heal wounds
 i - a potion of invisibility {unknown}
 m - a potion of mutation {unknown}

Dungeon Overview and Level Annotations

Branches:
Dungeon (4/15)
 Temple: D:4-7

Altars:

Shops:
D:1 ?   D:2 (:*:[

Annotations:
D:4 Grinder


Message History

Grinder comes into view.
You shoot a sling bullet.
Grinder shouts!
The sling bullet hits the ufetubus but does no damage.
The ufetubus is moderately wounded.
The ufetubus barely misses you. The ufetubus hits you.
The ufetubus barely misses you. The ufetubus closely misses you.
You shoot a sling bullet. The sling bullet hits the ufetubus.
The ufetubus is almost dead.
The ufetubus barely misses you. The ufetubus closely misses you.
The ufetubus hits you.
The ufetubus hits you but does no damage.
You shoot a sling bullet.
The sling bullet barely misses the ufetubus.
The sling bullet closely misses the orc.
The sling bullet hits the phantom.
The phantom is lightly damaged.
The ufetubus hits you but does no damage. x2
Grinder blinks!
The ufetubus barely misses you.
The ufetubus hits you but does no damage.
You shoot a sling bullet. The sling bullet hits the ufetubus.
You kill the ufetubus!
The orc barely misses you.
You shoot a sling bullet. The sling bullet hits the orc!
You kill the orc!
You feel your strength returning.
Your Ranged Weapons skill increases to level 4!
You shoot a sling bullet.
The sling bullet barely misses the phantom.
Grinder says, "Mostly I couldn't keep them alive."
Grinder gestures at you.
You suddenly lose the ability to move!
The phantom hits you but does no damage.
The phantom hits you.
The phantom blinks!
You blink.
The phantom hits you but does no damage.
Grinder gestures at you. Pain shoots through your body!
The phantom completely misses you. Grinder hits you! The phantom hits you.
You die...

### # ###.....#
#######...###.#
########.....).###...###
.......#.##............#
..##.....##.............
..##.###.##.....W.......
.....# #.##...#.@..#....
..##.# #.###.....5....##
..##.....# #....##....#
###.............##.$..#
# .##.#.###..........#
#. .#.##...#....#...# #.
.# #.............# .. .
..............#


You could see Grinder and a phantom.

Vanquished Creatures
  An orc priest (D:4)
  2 adders
  An ufetubus (D:4)
  3 orcs (D:4)
  8 bats
  4 endoplasms
  7 goblins
  2 hobgoblins
  2 quokkas (D:2)
  3 ball pythons
  2 frilled lizards (D:1)
  3 kobolds
  3 rats
41 creatures vanquished.

Notes
Turn   | Place    | Note
-------+----------+-------------------------------------------
     0 | D:1      | qw the Gargoyle Hexslinger began the quest for the Orb.
     0 | D:1      | Reached XP level 1. HP: 12/12 MP: 2/2
     0 | D:1      | 0 ||| qw: Version: 0.3-a-52-g30416fa
     0 | D:1      | 0 ||| qw: Game counter: 5976
     0 | D:1      | 0 ||| qw: Melee chars always use a shield: true
     0 | D:1      | 0 ||| qw: God list: Okawaru
     0 | D:1      | 0 ||| qw: Allow faded altars: false
     0 | D:1      | 0 ||| qw: Do Orc after clearing Dungeon:15 true
     0 | D:1      | 0 ||| qw: Do second Lair branch before Depths: true
     0 | D:1      | 0 ||| qw: Lair rune preference: random
     0 | D:1      | 0 ||| qw: Goals: Normal
     0 | D:1      | 0 ||| PLANNING D:1-11
    28 | D:1      | Found Muofforho's Magic Scroll Shop.
    39 | D:1      | 39 ||| SHOPLISTING 2 scrolls of teleportation (78 gold,
                  | have 0).
    39 | D:1      | 39 ||| SHOPLISTING scroll of acquirement (676 gold, have
                  | 0).
    39 | D:1      | 39 ||| SHOPLISTING scroll of enchant armour (97 gold, have
                  | 0).
    39 | D:1      | 39 ||| SHOPLISTING scroll of enchant weapon (97 gold, have
                  | 0).
    39 | D:1      | 39 ||| SHOPLISTING scroll of identify (26 gold, have 0).
   163 | D:1      | Reached XP level 2. HP: 15/16 MP: 3/3
   389 | D:1      | Reached skill level 3 in Ranged Weapons
   502 | D:1      | 502 ||| UPGRADING to +0 pair of gloves.
   507 | D:1      | 507 ||| UPGRADING to +0 ring mail.
   517 | D:1      | 517 ||| DROPPING +0 robe.
   518 | D:1      | 518 ||| READING scroll labelled TUDDOE XABRESHRO.
   519 | D:1      | 519 ||| READING scroll labelled CULATS SEAX.
   520 | D:1      | 520 ||| READING 2 scrolls labelled CODYINAAMU.
   521 | D:1      | 521 ||| READING scroll labelled ANEQY FUPAENG.
   522 | D:1      | 522 ||| READING scroll labelled JOSCHY TIEXTIAT.
   523 | D:1      | 523 ||| DRINKING 2 silvery potions.
   524 | D:1      | 524 ||| DROPPING scroll of poison.
   525 | D:1      | 525 ||| DROPPING scroll of blinking.
   579 | D:2      | Found Huminoka's Antique Weapon Emporium.
   598 | D:2      | Reached XP level 3. HP: 21/21 MP: 4/4
   608 | D:2      | Found Qirin's Assorted Antiques.
   608 | D:2      | Found Ushez's Book Shop.
   645 | D:2      | 645 ||| BUYING dark potion (27 gold).
   645 | D:2      | Bought a dark potion for 27 gold pieces
   645 | D:2      | 645 ||| BUYING scroll labelled RIEN LUMNYEPA (30 gold).
   645 | D:2      | Bought a scroll labelled RIEN LUMNYEPA for 30 gold pieces
   682 | D:2      | Found Hismerr's Armour Boutique.
   688 | D:2      | 688 ||| SHOPLISTING +1 pair of boots of flying (181 gold,
                  | have 29).
   688 | D:2      | 688 ||| SHOPLISTING +2 cloak (181 gold, have 29).
  1187 | D:2      | Found Leigot's Book Boutique.
  1261 | D:2      | 1261 ||| READING scroll labelled BAAVILL PERO.
  1262 | D:2      | 1262 ||| READING scroll labelled RIEN LUMNYEPA.
  1263 | D:2      | 1263 ||| READING scroll labelled BOEZEO LIMP.
  1264 | D:2      | 1264 ||| READING scroll labelled GUD ULLAMECH.
  1265 | D:2      | 1265 ||| READING scroll labelled RATUGU PARECW.
  1269 | D:2      | 1269 ||| DRINKING 2 dark potions.
  1270 | D:2      | 1270 ||| DROPPING potion of degeneration.
  1285 | D:3      | Reached skill level 1 in Armour
  1922 | D:3      | 1922 ||| UPGRADING to +0 helmet.
  1927 | D:3      | 1927 ||| READING scroll labelled JASERH JYSE.
  1928 | D:3      | 1928 ||| READING 2 scrolls labelled CITETEVIERGH.
  2029 | D:3      | 2029 ||| DROPPING scroll of silence.
  2102 | D:4      | Reached XP level 4. HP: 26/27 MP: 5/5
  2201 | D:4      | Noticed a phantom
  2203 | D:4      | Noticed Grinder
  2209 | D:4      | Reached skill level 4 in Ranged Weapons
  2209 | D:4      | Paralysed by Grinder for 5 turns
  2211 | D:4      | HP: 5/27 [Grinder (8)]
  2212 | D:4      | Slain by a phantom

Levels and vault maps discovered:
D:1:      minmay_arrival_five_plusses, layout_loops_ring, serial_shops,
          nicolae_shop_crystal
D:2:      layout_basic, serial_shops, shop, nicolae_shop_pleasant_corner_grove,
          shop, nicolae_shop_tiny_real_fake_doors, nicolae_book_shop_shelving
D:3:      layout_loops_ring
D:4:      layout_loops_ring, minmay_temple_entry_grid, skrybe_limestone_x,
          kennysheep_cross_room, minmay_close_crescents, uniq_grinder

Skill      XL: |  1  2  3  4 |
---------------+-------------+-----
Ranged Weapons | 3 4 |  4.0
Fighting       | 2 |  2.3
Armour         | 1 |  1.3
Dodging        | |  1.5
Spellcasting   | |  1.0
Hexes          | |  2.6

Action                     |  1- 3 |  4- 6 || total
---------------------------+-------+-------++-------
   Fire: Sling             |   127 |    19 ||   146
    Use: Scroll            |    12 |       ||    12
         Potion            |     2 |       ||     2
 Armour: Ring mail         |    36 |    12 ||    48
         Robe              |     4 |       ||     4
  Dodge: Dodged            |    46 |    13 ||    59

Table legend:
 A = Non-vault XP
 B = Vault XP
 C = Vault XP percentage of total XP
 D = Non-vault monster count
 E = Vault monster count
 F = Vault count percentage of total count
                 A         B        C        D         E       F
            +---------+---------+-------+---------+---------+-------
      Total |     141 |       0 |   0.0 |      41 |       0 |   0.0
            +---------+---------+-------+---------+---------+-------
        D:1 |      25 |       0 |   0.0 |      15 |       0 |   0.0
        D:2 |      30 |       0 |   0.0 |      11 |       0 |   0.0
        D:3 |      24 |       0 |   0.0 |       8 |       0 |   0.0
        D:4 |      62 |       0 |   0.0 |       7 |       0 |   0.0
            +---------+---------+-------+---------+---------+-------
